 Dungeon Crawl Stone Soup version 0.31-a0-799-g6bc09d010c (webtiles) character file.

Game seed: 8450730570732505271

30 Skeral the Charlatan (level 3, -1/27 HPs)
             Began as a Djinni Artificer on Sept 19, 2023.
             Slain by a frilled lizard (2 damage)
             ... on level 1 of the Dungeon.
             The game lasted 00:02:04 (527 turns).

Skeral the Charlatan (Djinni Artificer)              Turns: 527, Time: 00:02:04

Health: -1/27      AC:  3    Str: 11    XL:     3   Next: 35%
Gold:   36         EV: 12    Int: 14    God:
                   SH:  0    Dex: 13

rFire   + + .        a - +0 short sword
rCold   x . .        (no shield)
rNeg    . . .        b - +0 leather armour
rPois   ∞            (no helmet)
rElec   .            (no cloak)
rCorr   .            (no gloves)
SInv    .            (boots unavailable)
Will    .....        (no amulet)
Stlth   +            (no ring)
HPRegen 0.24/turn    (no ring)
MPRegen 0.00/turn

%: infuse magic (-2 HP)
@: flying
A: sickness immunity, fire resistance 2, cold vulnerability 1, float, innate
caster, HP casting, extra vitality 1
a: no special abilities


You were on level 1 of the Dungeon.
You visited 1 branch of the dungeon, and saw 1 of its levels.

You collected 36 gold pieces.


Innate Abilities, Weirdness & Mutations

You are immune to sickness and miasma.
You are immune to poison.
Your flesh is very heat resistant. (rF++)
You are vulnerable to cold. (rC-)
You float through the air rather than walking.
You learn spells naturally, not from books.
Your magical power is your life essence.
You have superior vitality. (+4 MHP)


   Skills:
 + Level 1.6 Fighting
 + Level 1.6 Armour
 + Level 2.6 Dodging
 - Level 1.0 Stealth
 + Level 3.3 Evocations


You knew the following spells:

 Your Spells              Type           Power      Damage    Failure   Level
m - Magic Dart            Conj           0%         1d3       36%         1
Your spell library was empty.

Inventory:

Hand Weapons
 a - a +0 short sword (weapon)
   (You took it off a kobold on level 1 of the Dungeon)
 f - a +0 trident
   (You found it on level 1 of the Dungeon)
Missiles
 k - 6 datura-tipped darts
Armour
 b - a +0 leather armour (worn)
Wands
 c - a wand of flame (15) (quivered)
 d - a wand of charming (15)
 e - a wand of iceblast (5)
Scrolls
 h - a scroll of enchant weapon {unknown}
 j - a scroll of identify {unknown}
Potions
 g - 2 potions of resistance {unknown}
 i - a potion of curing {unknown}

Dungeon Overview and Level Annotations

Branches:
Dungeon (1/15) Zot: 5467

Altars:

#.........# #.........#
.# #.........##.#
#............
#..........# #.........#
######## ##.........#
#......# #$.....rr..#
#......#
.......l@..###......####
#########...##.........#
+...†'.........#
#...##.........#
#...##.........#
#...######+#...## #...#
#....... #...# #.......
##### #.......


You could see a quokka, a frilled lizard and a rat.


Message History

The giant cockroach barely misses you. The giant cockroach misses you.
You closely miss the giant cockroach. The giant cockroach bites you. 😕 HP[-1]
You take 1 damage, and now have 25/27 hp.
You hit the giant cockroach. The giant cockroach bites you.
You hit the giant cockroach.
You kill the giant cockroach!
A rat comes into view.
There is a large open door here.
You see here a giant cockroach corpse.
An endoplasm comes into view. 😕 HP[+1]
The helpless rat fails to defend itself.
You hit the rat. The rat bites you. 😕 HP[-2]
You take 2 damage, and now have 24/27 hp.
You barely miss the rat. The rat closely misses you. 😕 HP[+1]
You closely miss the rat. The rat bites you but does no damage.
You hit the rat but do no damage. The rat closely misses you.
You hit the rat but do no damage. The rat misses you.
You closely miss the rat.
The rat bites you but does no damage. 😕 HP[+1]
You hit the rat.
You kill the rat!
An endoplasm, a rat and a frilled lizard come into view. 😎 HP[+1]
Your hp is fully restored (27).
A quokka comes into view.
The frilled lizard hisses angrily.
The rat bites you but does no damage. The endoplasm barely misses you.
You barely miss the endoplasm. The rat bites you. The endoplasm freezes you.
You are frozen. 😕 HP[-3]
You take 3 damage, and now have 24/27 hp.
You hit the endoplasm. The rat bites you. The endoplasm hits you. 😕 HP[-2]
You take 2 damage, and now have 22/27 hp.
You hit the endoplasm. The rat bites you. The endoplasm misses you.
The frilled lizard bites you. 😮 HP[-6]
You take 6 damage, and now have 16/27 hp.
MASSIVE DAMAGE!! (PAUSE)
You hit the endoplasm but do no damage. The rat misses you.
The endoplasm hits you but does no damage.
The frilled lizard barely misses you.
You hit the endoplasm.
You kill the endoplasm!
The frilled lizard closely misses you. The rat barely misses you. 😮 HP[+1]
The quokka attacks as it pursues you! The quokka bites you.
The frilled lizard attacks as it pursues you!
The frilled lizard bites you. 😮 HP[-2]
You take 2 damage, and now have 15/27 hp.
You miss the quokka. The quokka bites you.
* * * LOW HITPOINT WARNING * * *
The frilled lizard bites you but does no damage. 😨 HP[-4]
You take 4 damage, and now have 11/27 hp.
You hit the quokka but do no damage. The quokka misses you. The rat misses you.
The frilled lizard bites you but does no damage.
The quokka barely misses you.
You hit the quokka. The rat closely misses you. The quokka closely misses you.
The frilled lizard barely misses you. 😨 HP[+1]
You closely miss the quokka. The rat bites you but does no damage.
The quokka twitches its whiskers.
The quokka barely misses you. The frilled lizard closely misses you.
You barely miss the quokka. The rat bites you.
* * * LOW HITPOINT WARNING * * *
The quokka bites you but does no damage.
The frilled lizard bites you.
* * * LOW HITPOINT WARNING * * *
😨 HP[-3]
You take 3 damage, and now have 9/27 hp.
You closely miss the quokka. The rat bites you but does no damage.
The quokka bites you but does no damage.
The frilled lizard closely misses you.
You closely miss the quokka. The quokka bites you.
* * * LOW HITPOINT WARNING * * *
The rat closely misses you.
The frilled lizard completely misses you.
The quokka closely misses you. 😨 HP[-2]
You take 2 damage, and now have 7/27 hp.
You barely miss the quokka. The rat barely misses you.
The quokka bites you but does no damage.
The frilled lizard bites you but does no damage.
You barely miss the quokka. The rat barely misses you. The quokka bites you.
* * * LOW HITPOINT WARNING * * *
The frilled lizard bites you.
* * * LOW HITPOINT WARNING * * *
😱 HP[-3]
You take 3 damage, and now have 4/27 hp.
You barely miss the quokka. The rat bites you.
* * * LOW HITPOINT WARNING * * *
The quokka barely misses you. The frilled lizard bites you.
You die...

Skill      XL: |  1 |
---------------+----+-----
Stealth        | 1 |  1.0
Fighting       | |  1.6
Armour         | |  1.6
Dodging        | |  2.6
Evocations     | |  3.3

Action                     || total
---------------------------++-------
  Melee: Trident           ||    20
         Short sword       ||   105
   Stab: Sleeping          ||     1
 Armour: Leather armour    ||    90
  Dodge: Dodged            ||    90

Levels and vault maps discovered:
D:1:      ldierk_walled_garden_2, layout_basic

Notes
Turn   | Place    | Note
-------+----------+-------------------------------------------
     0 | D:1      | Skeral the Djinni Artificer began the quest for the Orb.
     0 | D:1      | Reached XP level 1. HP: 17/17 MP: 0/0
     0 | D:1      | magus.rc [v1.10.3]
    87 | D:1      | HP: 4/17 [hobgoblin (3)]
    93 | D:1      | Reached skill level 1 in Stealth
    93 | D:1      | Reached XP level 2. HP: 7/22 MP: 0/0
   389 | D:1      | Reached XP level 3. HP: 27/27 MP: 0/0
   389 | D:1      | Learned a level 1 spell: Magic Dart
   526 | D:1      | HP: 5/27 [quokka (2)]
   527 | D:1      | HP: 1/27 [rat (3)]
   527 | D:1      | Slain by a frilled lizard

Vanquished Creatures
  3 dart slugs (D:1)
  2 bats (D:1)
  4 endoplasms (D:1)
  2 giant cockroaches (D:1)
  A goblin (D:1)
  5 hobgoblins (D:1)
  A ball python (D:1)
  2 kobolds (D:1)
  A rat (D:1)
21 creatures vanquished.

Table legend:
 A = Non-vault XP
 B = Vault XP
 C = Vault XP percentage of total XP
 D = Non-vault monster count
 E = Vault monster count
 F = Vault count percentage of total count
                 A         B        C        D         E       F
            +---------+---------+-------+---------+---------+-------
      Total |      43 |       0 |   0.0 |      21 |       0 |   0.0
            +---------+---------+-------+---------+---------+-------
        D:1 |      43 |       0 |   0.0 |      21 |       0 |   0.0
            +---------+---------+-------+---------+---------+-------

Skill      XL: |  1 |
---------------+----+-----
Stealth        | 1 |  1.0
Fighting       | |  1.6
Armour         | |  1.6
Dodging        | |  2.6
Evocations     | |  3.3

Action                     || total
---------------------------++-------
  Melee: Trident           ||    20
         Short sword       ||   105
   Stab: Sleeping          ||     1
 Armour: Leather armour    ||    90
  Dodge: Dodged            ||    90

Illustrated notes

Table legend:
 A = Kills in this place as a percentage of kills in the entire game.
 B = Kills by you in this place as a percentage of kills by you in the entire game.
 C = Kills by friends in this place as a percentage of kills by friends in the entire game.
 D = Other kills in this place as a percentage of other kills in the entire game.
 E = Experience gained in this place as a percentage of experience gained in the entire game.
 F = Experience gained in this place divided by the number of levels of this place that you have seen.
                   A       B       C       D       E      F
               +-------+-------+-------+-------+-------+----------------------
         Total | 100.0 | 100.0 |   N/A |   N/A | 100.0 |  43.0
       Dungeon | 100.0 | 100.0 |   N/A |   N/A | 100.0 |  43.0
               +-------+-------+-------+-------+-------+----------------------

Table legend: (Time is in decaauts)
 A = Elapsed time spent in this place.
 B = Non-inter-level travel time spent in this place.
 C = Inter-level travel time spent in this place.
 D = Time resting spent in this place.
 E = Time spent auto-exploring this place.
 F = Levels seen in this place.
 G = Mean time per level.
                   A        B        C        D        E       F      G
               +--------+--------+--------+--------+--------+-----+--------+
         Total |    532 |    532 |      0 |    184 |     73 |   1 |  532.0 |
       Dungeon |    532 |    532 |      0 |    184 |     73 |   1 |  532.0 |
               +--------+--------+--------+--------+--------+-----+--------+

Top non-repeatable levels by time:
     D:1: 532 daAuts
